 Dungeon Crawl Stone Soup version 0.24-a0-415-g6d73c25c48 (webtiles) character file.

Game seed: 5043632176410660499

517 Gargoyl the Skirmisher (level 7, -5/59 HPs)
             Began as a Centaur Abyssal Knight on June 7, 2019.
             Was a Priest of Lugonu.
             Slain by an orc warrior
             ... wielding a +0 mace
              (11 damage)
             ... on level 5 of the Dungeon.
             The game lasted 00:07:57 (4448 turns).

Gargoyl the Skirmisher (Centaur Abyssal Knight)     Turns: 4448, Time: 00:07:57

Health: -5/59      AC: 16    Str: 20    XL:     7   Next: 0%
Magic:  9/9        EV:  3    Int: 11    God:    Lugonu [***...]
Gold:   216        SH:  3    Dex: 10    Spells: 6/6 levels left

rFire    . . .     SeeInvis .   a - +1 hand axe
rCold    . . .     Gourm    .   b - +0 buckler
rNeg     . . .     Faith    .   h - +0 chain mail
rPois    .         Spirit   .   k - +1 helmet
rElec    .         Reflect  .   j - +0 cloak
rCorr    .         Harm     .   (no gloves)
MR       .....                  f - +1 centaur barding
Stlth    ..........             (no amulet)
HPRegen  0.19/turn              (no ring)
MPRegen  0.11/turn              (no ring)

@: mighty, very quick
A: large, hooves 3, deformed body, speed 2, tough skin 3
a: Depart the Abyss, Bend Space, Banish, Renounce Religion


You were on level 5 of the Dungeon.
You worshipped Lugonu.
Lugonu was most pleased with you.
You were not hungry.

You visited 1 branch of the dungeon, and saw 5 of its levels.
You visited the Abyss 1 time.

You collected 216 gold pieces.

Inventory:

Hand Weapons
 a - a +1 hand axe (weapon)
Armour
 b - a +0 buckler (worn)
 f - a +1 centaur barding (worn)
 h - a +0 chain mail (worn)
 j - a +0 cloak (worn)
 k - a +1 helmet (worn)
Scrolls
 e - 2 scrolls of teleportation
 g - a scroll of fear {unknown}
 i - 2 scrolls of immolation {unknown}
 l - 3 scrolls of enchant armour {unknown}
 n - a scroll of random uselessness {unknown}
 p - 3 scrolls of identify {unknown}
 r - a scroll of remove curse {unknown}
Comestibles
 c - 5 rations


   Skills:
 + Level 4.1 Fighting
 + Level 3.9 Axes
 * Level 2.9 Armour
 * Level 2.4 Dodging
 + Level 0.4 Shields
 * Level 3.2 Invocations


You had 6 spell levels left.
You didn't know any spells.
Your spell library contained the following spells:

 Spells                   Type           Power        Failure   Level  Hunger
 Confusing Touch          Hex            #.....       99%         1    ##.....
 Confuse                  Hex            #.......     100%        3    ####...
 Gell's Gravitas          Tloc           #.........   100%        3    ####...
 Recall                   Summ/Tloc      N/A          100%        3    ####...
 Petrify                  Tmut/Erth      #.......     100%        4    #####..
 Aura of Abjuration       Summ           #.........   100%        5    ######.
 Metabolic Englaciation   Hex/Ice        #.........   100%        5    ######.
 Summon Demon             Summ           #.........   100%        5    ######.
 Summon Forest            Summ/Tloc      #.........   100%        5    ######.
 Summon Mana Viper        Hex/Summ       #.......     100%        5    ######.
 Yara's Violent Unravell  Hex/Tmut       #.........   100%        5    ######.
 Shadow Creatures         Summ           N/A          100%        6    #######


Dungeon Overview and Level Annotations

Branches:
Dungeon (5/15)
 Temple: D:4-7

Altars:
Ashenzari
Ru
Wu Jian

Annotations:
D:4 2 transporters, anet's ghost, novice DEWz


Innate Abilities, Weirdness & Mutations

You have hooves in place of feet.
Armour fits poorly on your strangely shaped body.
You cover ground very quickly.
You have extremely tough skin. (AC +3)


Message History

You hit the orc warrior but do no damage.
Your kick misses the orc warrior.
The orc warrior is almost dead.
Your chain mail prevents you from hitting the orc wizard.
The orc wizard looks satisfied for a moment.
The orc warrior hits you but does no damage.
The orc wizard hits you with a +0 dagger.
* * * LOW HITPOINT WARNING * * *
You hit the orc warrior but do no damage.
The orc warrior is almost dead.
You closely miss the orc wizard. The orc wizard casts a spell at you.
The magic dart hits you!
* * * LOW HITPOINT WARNING * * *
The orc warrior hits you but does no damage.
Okay, then.
You feel very mighty all of a sudden.
The orc wizard hits you but does no damage. x2
The orc warrior hits you with a +0 mace!
You die...

......##
#......##
#.......#
#..>..#.##. #
#..........
..####..........
................
...#..o.)#.##..#
......o@<### #
#......###
###.... ##.).
####


You could see an orc warrior and an orc wizard.

Vanquished Creatures
  An ogre (D:4)
  A scorpion (D:4)
  A hound (D:3)
  Crazy Yiuf (D:3)
  An orc wizard (D:3)
  Natasha (thrice) (D:3)
  An iguana (D:4)
  A worker ant (D:4)
  3 gnolls (D:4)
  6 adders
  An ooze (D:1)
  2 worms
  4 dart slugs
  4 leopard geckos
  7 orcs
  3 ball pythons
  5 giant cockroaches
  A goblin (D:1)
  7 hobgoblins
  6 jackals
  3 kobolds
  2 quokkas
  9 bats
  3 frilled lizards
  5 rats
81 creatures vanquished.

Vanquished Creatures (others)
  4 starspawn tentacles (Abyss:3)
4 creatures vanquished.

Grand Total: 85 creatures vanquished

Notes
Turn   | Place    | Note
-------+----------+-------------------------------------------
     0 | Abyss:1  | Gargoyl the Centaur Abyssal Knight began the quest for the
                  | Orb.
     0 | Abyss:1  | Reached XP level 1. HP: 19/19 MP: 2/2
     8 | Abyss:1  | Found a radiant altar of Vehumet.
    44 | Abyss:2  | Found a corrupted altar of Lugonu.
   112 | Abyss:3  | Noticed a spatial maelstrom
   114 | Abyss:3  | Noticed a tentacled starspawn
   114 | Abyss:3  | Found a corrupted altar of Lugonu.
   114 | Abyss:3  | Noticed a spatial vortex
   115 | Abyss:3  | Noticed a spatial vortex
   171 | Abyss:3  | Noticed a neqoxec
   188 | Abyss:3  | Noticed a tentacled starspawn
   189 | Abyss:3  | Noticed a ynoxinul
   203 | D:1      | Escaped the Abyss
   304 | D:1      | Reached * piety under Lugonu
   336 | D:1      | Found a shattered altar of Ashenzari.
   404 | D:1      | Reached XP level 2. HP: 25/26 MP: 3/3
   766 | D:1      | Reached skill level 1 in Dodging
   841 | D:1      | Reached XP level 3. HP: 31/31 MP: 4/4
  1205 | D:2      | Found a sacrificial altar of Ru.
  1286 | D:2      | Found an ornate altar of the Wu Jian Council.
  1405 | D:2      | Reached XP level 4. HP: 40/40 MP: 5/5
  1716 | D:3      | Reached ** piety under Lugonu
  2044 | D:3      | Found a runed translucent door.
  2045 | D:3      | Noticed Crazy Yiuf
  2122 | D:3      | Noticed Natasha
  2129 | D:3      | Killed Natasha
  2129 | D:3      | Reached XP level 5. HP: 41/46 MP: 6/6
  2148 | D:3      | Noticed Natasha
  2159 | D:3      | Killed Natasha
  2522 | D:3      | Noticed Natasha
  2547 | D:3      | Killed Natasha
  2980 | D:3      | HP: 2/46 [Crazy Yiuf/+4 quarterstaff of chaos (12)]
  2984 | D:3      | Killed Crazy Yiuf
  2984 | D:3      | Reached XP level 6. HP: 16/52 MP: 8/8
  3448 | D:4      | Reached skill level 4 in Fighting
  3989 | D:4      | Found a transporter.
  3991 | D:4      | Found a transporter.
  4067 | D:4      | Noticed anet's ghost (novice DEWz)
  4267 | D:5      | Entered Level 5 of the Dungeon
  4271 | D:5      | Reached *** piety under Lugonu
  4272 | D:5      | Reached XP level 7. HP: 26/59 MP: 9/9
  4448 | D:5      | Slain by an orc warrior

Levels and vault maps discovered:
D:1:      evilmike_arrival_hilbert_curve, layout_basic, ashenzari_altar_1
D:2:      layout_rooms, nicolae_ru_sacrificial_ziggurat, marbit_many_paths
D:3:      layout_basic, first_ration, uniq_natasha, uniq_crazy_yiuf_cottage
D:4:      layout_rooms, fedhas_altar_3, gammafunk_ghost_mausoleum,
          nemelex_dance_club_becter
D:5:      cheibrodos_quashed, layout_cave_pools,
          amethyst_overflow_temple_binary, minmay_temple_entry_gardened_gates

Skill      XL: |  1  2  3  4  5  6 |
---------------+-------------------+-----
Axes           | 2 3 |  3.9
Dodging        | 1 2 |  2.4
Armour         | 2 |  2.9
Fighting       | 4 |  4.1
Invocations    | 3 |  3.2
Shields        | |  0.4

Action                   |  1- 3 |  4- 6 |  7- 9 || total
-------------------------+-------+-------+-------++-------
Melee: Hand axe          |    97 |   220 |    15 ||   332
       Kick              |    16 |    45 |     3 ||    64
Throw: Boomerang         |     3 |       |       ||     3
Invok: Depart the Abyss  |     1 |       |       ||     1
Evoke: Wand              |     3 |     3 |     4 ||    10
  Use: Potion            |     1 |     7 |     1 ||     9
       Scroll            |     1 |       |       ||     1
  Eat: Chunk             |     1 |     4 |     1 ||     6
       Ration            |       |     1 |       ||     1
Armor: Leather armour    |    94 |    37 |       ||   131
       Chain mail        |       |   178 |    22 ||   200
Dodge: Dodged            |    64 |    45 |       ||   109
Block: Buckler           |       |    24 |     3 ||    27

Table legend:
 A = Non-vault XP
 B = Vault XP
 C = Vault XP percentage of total XP
 D = Non-vault monster count
 E = Vault monster count
 F = Vault count percentage of total count
                 A         B        C        D         E       F
            +---------+---------+-------+---------+---------+-------
      Total |     650 |      89 |  12.0 |      78 |       3 |   3.7
            +---------+---------+-------+---------+---------+-------
        D:1 |      41 |       0 |   0.0 |      20 |       0 |   0.0
        D:2 |      50 |      13 |  20.6 |      13 |       1 |   7.1
        D:3 |     224 |      76 |  25.3 |      23 |       2 |   8.0
        D:4 |     324 |       0 |   0.0 |      18 |       0 |   0.0
        D:5 |      11 |       0 |   0.0 |       4 |       0 |   0.0
            +---------+---------+-------+---------+---------+-------
